 Dungeon Crawl Stone Soup version 0.24.1 (webtiles) character file.

Game seed: 13877923862307301753, levelgen mode: deterministic

217890 Amplified the Crack Shot (level 18, -2/161 HPs)
             Began as a Minotaur Air Elementalist on Apr 4, 2020.
             Was the Champion of Trog.
             Slain by a naga warrior
             ... wielding a cursed -2 trident
              (6 damage)
             ... on level 4 of the Snake Pit.
             The game lasted 01:07:33 (38237 turns).

Amplified the Crack Shot (MiAE)                    Turns: 38237, Time: 01:07:34

Health: -2/161     AC: 17    Str: 29    XL:     18   Next: 40%
Magic:  31/31      EV: 25    Int: 10    God:    Trog [******]
Gold:   3092       SH:  0    Dex: 21    Spells: 19/19 levels left

rFire    + + .     SeeInvis +   O - +2 trident (flame)
rCold    . . .     Gourm    .   (no shield)
rNeg     . . .     Faith    +   o - +0 ring mail {rPois}
rPois    +         Spirit   .   i - +2 hat {SInv}
rElec    .         Reflect  .   W - scarf {cloud immunity}
rCorr    +         Harm     .   u - +2 pair of gloves {Str+3}
MR       +++..                  s - +2 pair of boots of Articulation {rF++ MP+9 Int-2 Dex+4}
Stlth    ++........             X - amulet of faith
HPRegen  1.36/turn              C - ring "Custriw" {Wiz Str+6}
MPRegen  0.22/turn              H - ring of resist corrosion

@: mighty, lethally poisoned (-2 -> -2), about to teleport, berserk cooldown,
regenerating, slowed, very slow
A: retaliatory headbutt, horns 2, talons 1, repulsion field 1
}: 1/15 runes: decaying
a: Berserk, Trog's Hand, Brothers in Arms, Renounce Religion


You were on level 4 of the Snake Pit.
You worshipped Trog.
Trog was exalted by your worship.
You were not hungry.

You visited 5 branches of the dungeon, and saw 31 of its levels.
You also visited: Ossuary, Gauntlet, Ice Cave and Volcano.

You collected 3797 gold pieces.
You spent 705 gold pieces at shops.

Inventory:

Hand Weapons
 O - a +2 trident of flaming (weapon)
 S - the +6 longbow of Imix {velocity, rC++ Int-4 Dex+3}
   (Trog gifted it to you on level 6 of the Lair of Beasts)

   Any arrow fired from it inflicts extra damage.
   It affects your intelligence (-4).
   It affects your dexterity (+3).
   It greatly protects you from cold.
Missiles
 g - a throwing net
 y - 19 silver javelins (quivered)
 A - 328 arrows
 Z - 2 curare-tipped darts
Armour
 i - a +2 hat of see invisible (worn)
 o - a +0 ring mail of poison resistance (worn)
 s - the +2 pair of boots of Articulation (worn) {rF++ MP+9 Int-2 Dex+4}
   (You found it in a Gauntlet)

   It affects your intelligence (-2).
   It affects your dexterity (+4).
   It greatly protects you from fire.
   It affects your magic capacity (+9).
 u - a +2 pair of gloves of strength (worn)
 L - a +3 chain mail of fire resistance
 W - a scarf of cloud immunity (worn)
Jewellery
 d - an uncursed ring of protection from magic
 l - an uncursed ring of protection from cold
 B - an uncursed ring of poison resistance
 C - the ring "Custriw" (left hand) {Wiz Str+6}
   (You found it on level 6 of the Lair of Beasts)

   [ring of wizardry]

   It improves your spell success rate.
   It affects your strength (+6).
 F - an uncursed ring of protection from cold
 H - a ring of resist corrosion (right hand)
 J - an uncursed ring of see invisible
 P - an uncursed ring of positive energy
 X - an amulet of faith (around neck)
 Y - an uncursed amulet of regeneration {unknown}
Wands
 f - a wand of polymorph (15)
 j - a wand of flame (48)
 v - a wand of acid (35)
 E - a wand of paralysis (33)
 M - a wand of digging (5)
 Q - a wand of enslavement (21)
Scrolls
 h - 11 scrolls of remove curse
 q - a scroll of magic mapping
 t - 2 scrolls of fog
 z - a scroll of enchant armour
 K - 7 scrolls of teleportation
 V - a scroll of holy word
Potions
 a - 2 potions of heal wounds
 b - 2 potions of resistance
 e - 3 potions of flight
 k - 3 potions of magic
 m - 2 potions of mutation
 n - a potion of invisibility
 p - 5 potions of brilliance
 r - 3 potions of ambrosia
 w - 3 potions of curing
 N - a potion of agility
 R - 4 potions of might
 T - a potion of cancellation
Miscellaneous
 x - a phantom mirror
 D - a phial of floods
 U - a lamp of fire
Comestibles
 c - 30 rations


   Skills:
 * Level 14.7 Fighting
 - Level 11.4 Polearms
 - Level 22.9 Bows
 * Level 14.7 Armour
 * Level 13.8 Dodging
 - Level 1.5 Stealth
 - Level 1.3 Spellcasting
   Level 0.6 Conjurations
   Level 2.1 Air Magic
 * Level 7.3 Evocations


You had 19 spell levels left.
You didn't know any spells.
Your spell library contained the following spells:

 Spells                   Type           Power        Failure   Level  Hunger
 Shock                    Conj/Air       #...         10%         1    ##.....
 Magic Dart               Conj           #...         13%         1    ##.....
 Animate Skeleton         Necr           N/A          16%         1    ##.....
 Apportation              Tloc           #.....       16%         1    ##.....
 Confusing Touch          Hex            #.....       16%         1    ##.....
 Corona                   Hex            #......      16%         1    ##.....
 Pain                     Necr           #...         16%         1    ##.....
 Sting                    Conj/Pois      #...         16%         1    ##.....
 Summon Butterflies       Summ           #.......     16%         1    ##.....
 Summon Small Mammal      Summ           #...         16%         1    ##.....
 Swiftness                Chrm/Air       #.......     16%         2    ###....
 Blink                    Tloc           N/A          26%         2    ###....
 Call Imp                 Summ           #.......     26%         2    ###....
 Corpse Rot               Necr           N/A          26%         2    ###....
 Ensorcelled Hibernation  Hex/Ice        #.....       26%         2    ###....
 Slow                     Hex            #.......     26%         2    ###....
 Sublimation of Blood     Necr           #.........   26%         2    ###....
 Static Discharge         Conj/Air       #.......     28%         3    ####...
 Mephitic Cloud           Conj/Pois/Air  #.......     32%         3    ####...
 Conjure Flame            Conj/Fire      #.......     41%         3    ####...
 Dazzling Spray           Conj/Hex       #.....       41%         3    ####...
 Call Canine Familiar     Summ           #.......     43%         3    ####...
 Confuse                  Hex            #.......     43%         3    ####...
 Gell's Gravitas          Tloc           #.........   43%         3    ####...
 Tukima's Dance           Hex            #.......     43%         3    ####...
 Vampiric Draining        Necr           #.........   43%         3    ####...
 Airstrike                Air            #.........   52%         4    #####..
 Cause Fear               Hex            #.........   82%         4    #####..
 Petrify                  Tmut/Erth      #.......     82%         4    #####..
 Lightning Bolt           Conj/Air       #.........   92%         5    ######.
 Agony                    Necr           #.......     98%         5    ######.
 Bolt of Draining         Conj/Necr      #.........   98%         5    ######.
 Dispel Undead            Necr           #.......     98%         5    ######.
 Excruciating Wounds      Chrm/Necr      #.........   98%         5    ######.
 Metabolic Englaciation   Hex/Ice        #.........   98%         5    ######.
 Summon Demon             Summ           #.........   98%         5    ######.
 Summon Forest            Summ/Tloc      #.........   98%         5    ######.
 Yara's Violent Unravell  Hex/Tmut       #.........   98%         5    ######.
 Orb of Destruction       Conj           #.........   100%        7    #######


Dungeon Overview and Level Annotations

Branches:
Dungeon (15/15)            Temple (0/1) D:5            Lair (6/6) D:10
  Swamp (4/4) Lair:3        Snake (4/4) Lair:4        Slime (0/5) Lair:5
    Orc (2/2) D:11            Elf (0/3) Orc:2        Vaults (0/5) D:13
 Depths (0/5) D:15        Ossuary (visited)           IceCv (visited)
Volcano (visited)         Gauntlet (visited)

Altars:
Cheibriados
Dithmenos
Gozag
Qazlal
Ru
Sif Muna
Trog
Uskayaw
Vehumet
Wu Jian
Beogh
Jiyva

Shops:
D:12 %*%%   Orc:2 [*:}

Portals:
Trove: D:14 (give +2 storm dragon scales)

Annotations:
D:8 Joseph
D:9 exclusion: ice statue
D:14 exclusions: ice statue and orange crystal statue
Lair:2 exclusion: oklob plant
Lair:3 3 runed translucent doors, TheNamelessOne's ghost, journeyman OpWz
Lair:6 Urug


Innate Abilities, Weirdness & Mutations

You reflexively headbutt those who attack you in melee.
You have a pair of horns on your head.
You have sharp toenails.
You are surrounded by a mild repulsion field. (EV +2)


Message History

* * * LOW HITPOINT WARNING * * *
The guardian serpent closely misses you.
The naga sharpshooter mumbles some strange words.
The naga sharpshooter magically shoots a bolt.
The bolt misses you. The naga mage barely misses you.
You feel much better.
The guardian serpent hits you but does no damage.
The naga mage hits you but does no damage.
The guardian serpent casts a spell.
The naga sharpshooter blinks!
The naga warrior blinks!
The naga sharpshooter mumbles some strange words.
The naga sharpshooter magically shoots a bolt.
The bolt hits you!!
* * * LOW HITPOINT WARNING * * *
The bolt freezes you.
* * * LOW HITPOINT WARNING * * *
The guardian serpent misses you. You furiously retaliate!
You headbutt the guardian serpent!
The naga warrior hits you with a cursed -2 trident.
You die...

........##§≈§..##................
)).......##§§≈..##...........##..
######....##≈≈§..##.........###..
# ###...##§≈≈..##.......####.. N
##...##≈≈≈..#.......# #... ≈≈
##.).#≈≈≈..#.......###..# ≈§.
#))(#####'#.......##...# §§§
##(#N.N##............... §§§§.
##S§§S@##...........#..
§≈§≈§.#.().SSN#..........###.
≈§§§§§'N......#.........## ##
≈§§§§.#.......#.........# #
≈≈§§≈§##....(##........## ≈≈≈§k
###...##.........#
≈≈≈≈.##.#####.........## ≈≈..
#.............)..#
≈≈N§##.........#.....##


You could see a naga warrior, 2 naga sharpshooters, 3 guardian serpents and a
naga mage.

Vanquished Creatures
  Rupert (Lair:6)
  A tentacled monstrosity (Swamp:1)
  Gastronok (D:8)
  2 thorn hunters
  7 nagarajas (Snake:4)
  A fire giant (D:15)
  A frost giant (IceCv)
  A very ugly thing (Swamp:1)
  A stone giant (Orc:2)
  2 entropy weavers (D:13)
  2 minotaurs
  The ghost of marak the Thaumaturge, a journeyman GnVM of Ashenzari (Orc:2)
  2 ettins
  A fire dragon (Lair:6)
  Erolcha (Orc:2)
  The ghost of Jabberih the Archer, a journeyman CeHu of Okawaru (Lair:2)
  26 hydras
  3 shambling mangroves
  A catoblepas (D:15)
  A vault guard (D:13)
  7 naga warriors
  3 anacondas
  3 centaur warriors
  2 ogre magi (Orc:2)
  2 death knights
  A queen ant (D:13)
  15 alligators
  A tengu warrior (D:15)
  3 death yaks
  11 two-headed ogres
  3 shock serpents
  8 naga sharpshooters
  A soul eater (Gauntlet)
  14 spriggans
  A fire crab (Lair:6)
  A sun demon (Volcano)
  2 deep trolls (Orc:2)
  4 skeletal warriors (D:15)
  A wretched star (Gauntlet)
  3 spriggan druids
  2 sea snakes (Snake:1)
  2 unseen horrors
  4 salamander mystics (Snake:4)
  3 wizards (D:15)
  10 swamp dragons
  A naga ritualist (Snake:4)
  3 orc knights
  3 lindwurms (Snake:4)
  A necromancer (D:15)
  4 mana vipers
  2 deep elf magi (Orc:2)
  2 orc sorcerers
  19 ugly things
  7 cyclopes
  3 manticores
  3 salamanders
  27 black mambas
  3 molten gargoyles (Lair:6)
  3 guardian serpents (Snake:4)
  14 naga magi
  An elephant (Lair:4)
  A torpor snail (Lair:4)
  24 spiny frogs
  2 ice statues
  A kobold demonologist (D:13)
  3 gargoyles
  3 centaur skeletons
  A rime drake (Lair:5)
  An efreet (D:14)
  9 komodo dragons
  4 freezing wraiths
  2 red devils (Volcano)
  A tengu conjurer (D:15)
  14 trolls
  20 polar bears
  A meliai (D:13)
  22 hornets
  A meliai (shapeshifter) (D:14)
  9 tyrant leeches
  6 bog bodies
  3 hippogriffs
  A meliai zombie (D:15)
  18 blink frogs
  19 dream sheep
  17 slime creatures
  2 centaur simulacra (D:15)
  Sigmund (D:6)
  2 wraiths
  A shadow (D:9)
  A vampire (D:10)
  47 yaks
  5 wyverns
  4 basilisks
  20 vampire mosquitoes
  3 fire bats (Lair:5)
  A steam dragon (Lair:6)
  4 hungry ghosts
  A neqoxec (Gauntlet)
  5 wargs
  18 swamp worms
  16 insubstantial wisps
  26 nagas
  8 soldier ants
  2 acid dragons
  9 porcupines
  A large abomination (Gauntlet)
  3 hell hounds (Lair:6)
  5 small abominations (Gauntlet)
  Duvessa (D:6)
  28 water moccasins
  2 black bears (D:9)
  19 orc warriors
  3 sky beasts
  9 ice beasts
  3 phantoms
  18 swamp drakes
  31 ogres
  2 necrophages
  21 wolves
  An eye of draining (D:10)
  17 centaurs
  9 crocodiles
  Blork the orc (D:4)
  4 big kobolds
  A gnoll sergeant (D:7)
  13 bullfrogs
  A wyvern skeleton (D:7)
  A scorpion (D:4)
  Dowan (D:6)
  12 killer bees
  9 wights
  3 jellies
  6 electric eels
  6 crimson imps
  3 howler monkeys
  A centaur zombie (D:5)
  5 lava snakes (Lair:6)
  5 quasits
  5 hounds
  17 orc priests
  An iron imp (Orc:2)
  29 orc wizards
  4 bullfrog skeletons
  Ijyb (D:5)
  4 iguanas
  26 worker ants
  5 big kobold zombies (Ossuary)
  3 hound skeletons
  2 mummies (Ossuary)
  21 adders
  17 gnolls
  6 shadow imps
  13 white imps
  An ooze (D:1)
  An adder skeleton (D:5)
  6 worms
  A dart slug (D:1)
  8 leopard geckos
  89 orcs
  A ball python (D:1)
  4 bats
  4 giant cockroaches
  3 gnoll zombies (Ossuary)
  4 goblins
  14 hobgoblins
  4 jackals (D:1)
  22 kobolds
  3 quokkas
  2 frilled lizards
  3 goblin zombies (Ossuary)
  A hobgoblin zombie (Ossuary)
  A leopard gecko zombie (D:7)
  2 orc zombies (Ossuary)
  5 rats
  3 fungi
1200 creatures vanquished.

Vanquished Creatures (collateral kills)
  4 skeletal warriors (D:12)
4 creatures vanquished.

Vanquished Creatures (others)
  2 phantasmal warriors (D:9)
  A freezing wraith (D:9)
  A polar bear (IceCv)
  A spriggan (Swamp:3)
  A wraith (D:9)
  A yak (IceCv)
  4 wolves (IceCv)
  An adder (Lair:5)
  A bush (Lair:2)
  4 fungi
  8 plants (Lair:6)
  6 toadstools (Swamp:3)
31 creatures vanquished.

Grand Total: 1235 creatures vanquished

Notes
Turn   | Place    | Note
-------+----------+-------------------------------------------
     0 | D:1      | Amplified the Minotaur Air Elementalist began the quest for
                  | the Orb.
     0 | D:1      | Reached XP level 1. HP: 14/14 MP: 1/1
   145 | D:1      | Reached skill level 1 in Armour
   149 | D:1      | Reached skill level 1 in Fighting
   149 | D:1      | Reached XP level 2. HP: 19/23 MP: 3/3
  1160 | D:2      | Reached XP level 3. HP: 21/29 MP: 4/4
  1363 | D:2      | Gained mutation: Your body sometimes deteriorates upon
                  | taking damage. [potion of mutation]
  1363 | D:2      | Gained mutation: You can translocate small distances at
                  | will. [potion of mutation]
  1392 | D:2      | Reached skill level 1 in Polearms
  1742 | D:2      | Found a stormy altar of Qazlal.
  1931 | D:3      | Found a bloodstained altar of Trog.
  1940 | D:3      | Became a worshipper of Trog the Wrathful
  2110 | D:3      | Reached XP level 4. HP: 36/36 MP: 5/5
  2497 | D:4      | Found a sand-covered staircase.
  2636 | Ossuary  | Entered an ossuary
  2676 | Ossuary  | Reached * piety under Trog
  2729 | Ossuary  | Reached XP level 5. HP: 37/42 MP: 6/6
  3000 | D:4      | Reached XP level 6. HP: 40/51 MP: 7/7
  3353 | D:4      | Lost mutation: You can translocate small distances at will.
                  | [potion of mutation]
  3353 | D:4      | Lost mutation: Your body sometimes deteriorates upon taking
                  | damage. [potion of mutation]
  3353 | D:4      | Gained mutation: You are surrounded by a mild repulsion
                  | field. (EV +2) [potion of mutation]
  3353 | D:4      | Gained mutation: You are robust. (+10% HP) [potion of
                  | mutation]
  3353 | D:4      | Gained mutation: You have sharp toenails. [potion of
                  | mutation]
  3955 | D:4      | Found a shimmering blue altar of Sif Muna.
  3955 | D:4      | Noticed Blork the orc
  3963 | D:4      | Killed Blork the orc
  4023 | D:4      | Identified Sif Muna's Incunabulum of Confrontation
  4027 | D:5      | Entered Level 5 of the Dungeon
  4103 | D:5      | Noticed Ijyb
  4104 | D:5      | Noticed a sky beast
  4112 | D:5      | Killed Ijyb
  4115 | D:5      | Killed a sky beast
  4115 | D:5      | Reached skill level 5 in Polearms
  4115 | D:5      | Reached XP level 7. HP: 64/64 MP: 8/8
  4663 | D:5      | Found a staircase to the Ecumenical Temple.
  4757 | D:5      | Found a shadowy altar of Dithmenos.
  4877 | D:6      | Found an opulent altar of Gozag.
  4917 | D:6      | Noticed Dowan
  4926 | D:6      | Killed Dowan
  4934 | D:6      | Noticed Duvessa
  4955 | D:6      | Killed Duvessa
  5061 | D:6      | Noticed Sigmund
  5094 | D:6      | Killed Sigmund
  5094 | D:6      | Reached ** piety under Trog
  5094 | D:6      | Reached skill level 5 in Dodging
  5174 | D:6      | Reached XP level 8. HP: 60/73 MP: 9/9
  5264 | D:6      | Reached skill level 5 in Fighting
  5264 | D:6      | Reached skill level 5 in Armour
  6161 | D:7      | Found a sacrificial altar of Ru.
  6935 | D:7      | Found a hide-covered altar of Uskayaw.
  7167 | D:8      | Reached XP level 9. HP: 7/82 MP: 10/10
  7170 | D:8      | HP: 4/82 [poisoned by a soldier ant]
  7176 | D:8      | HP: 3/82 [poisoned by a soldier ant]
  7182 | D:8      | HP: 4/82 [poisoned by a soldier ant]
  7565 | D:8      | Noticed Joseph
  7593 | D:8      | Noticed Gastronok
  7607 | D:8      | Killed Gastronok
  7607 | D:8      | Reached skill level 10 in Polearms
  7789 | D:9      | Noticed a troll
  7791 | D:9      | Killed a freezing wraith
  7894 | D:9      | Reached XP level 10. HP: 95/96 MP: 11/11
  8133 | D:9      | Killed a phantasmal warrior
  8155 | D:9      | Found a snail-covered altar of Cheibriados.
  8192 | D:9      | Reached *** piety under Trog
  8254 | D:9      | Found a radiant altar of Vehumet.
  8260 | D:9      | Killed a phantasmal warrior
  8277 | D:9      | Found an ornate altar of the Wu Jian Council.
  8297 | D:9      | Noticed a two-headed ogre
  8308 | D:9      | Killed a two-headed ogre
  8498 | D:10     | Entered Level 10 of the Dungeon
  8752 | D:10     | Identified a scroll of acquirement
  8813 | D:10     | Received a gift from Trog
  8877 | D:10     | Reached skill level 1 in Bows
  8903 | D:10     | Found a staircase to the Lair.
  8940 | D:10     | Noticed a two-headed ogre
  8955 | D:10     | Killed a two-headed ogre
  8955 | D:10     | Reached skill level 3 in Bows
  9276 | D:9      | Noticed a death knight
  9893 | D:9      | Noticed an ice statue
  9977 | D:9      | Reached skill level 4 in Bows
 10550 | D:9      | Killed a death knight
 10550 | D:9      | Reached XP level 11. HP: 100/106 MP: 12/12
 11134 | D:10     | Reached skill level 5 in Bows
 11323 | D:10     | Reached **** piety under Trog
 11328 | D:10     | Received a gift from Trog
 11831 | D:11     | Reached skill level 6 in Bows
 12287 | D:12     | Noticed a skeletal warrior
 12287 | D:12     | Noticed a skeletal warrior
 12287 | D:12     | Noticed a skeletal warrior
 12287 | D:12     | Noticed a skeletal warrior
 12287 | D:12     | Noticed a seven-headed hydra
 12290 | D:12     | Found Zoto's Food Boutique.
 12290 | D:12     | Noticed an unseen horror
 12315 | D:12     | Reached skill level 10 in Fighting
 12315 | D:12     | Reached skill level 10 in Armour
 12324 | D:12     | Killed an unseen horror
 12324 | D:12     | Reached skill level 7 in Bows
 12431 | D:12     | Reached skill level 8 in Bows
 12684 | D:12     | Found Nyvynil's Food Shop.
 12722 | D:13     | Noticed a cyan ugly thing
 12728 | D:13     | Killed a cyan ugly thing
 12728 | D:13     | Reached skill level 10 in Dodging
 12728 | D:13     | Reached XP level 12. HP: 117/117 MP: 13/13
 12871 | D:13     | Noticed a centaur warrior
 12876 | D:13     | Noticed an entropy weaver
 12885 | D:13     | Noticed an entropy weaver
 12899 | D:13     | Noticed a queen ant
 13067 | D:12     | Killed a seven-headed hydra
 13067 | D:12     | Reached skill level 9 in Bows
 13216 | D:12     | Paralysed by a hornet for 2 turns
 13260 | D:12     | Paralysed by a centaur for 2 turns
 13297 | D:12     | Received a gift from Trog
 13619 | D:12     | Found Jaumuos's Serpentskin Sales.
 13625 | D:12     | Bought a +0 ring mail of poison resistance for 120 gold
                  | pieces
 13681 | D:12     | Found Qesin's Food Boutique.
 13862 | D:11     | Found a staircase to the Orcish Mines.
 13875 | D:11     | Found a roughly hewn altar of Beogh.
 13898 | D:11     | Received a gift from Trog
 14162 | Lair:1   | Entered Level 1 of the Lair of Beasts
 14328 | Lair:1   | Reached skill level 10 in Bows
 14386 | Lair:1   | Found a gate leading to a gauntlet.
 14387 | Lair:1   | Identified Coaziaf's Handbook of Necromancy and Attacks
 14396 | Gauntlet | Entered a Gauntlet
 14396 | Gauntlet | Found a transporter.
 14410 | Gauntlet | Found a transporter.
 14420 | Gauntlet | Found a transporter.
 14425 | Gauntlet | Found a transporter.
 14440 | Gauntlet | Found a transporter.
 14459 | Gauntlet | Found a transporter.
 14469 | Gauntlet | Noticed a great orb of eyes
 14471 | Gauntlet | Found a transporter.
 14477 | Gauntlet | Found a transporter.
 14492 | Gauntlet | Found a transporter.
 14492 | Gauntlet | Noticed a ghost crab
 14498 | Gauntlet | Found a transporter.
 14513 | Gauntlet | Found a transporter.
 14513 | Gauntlet | Noticed a blizzard demon
 14524 | Gauntlet | Noticed a reaper
 14525 | Gauntlet | Found a transporter.
 14542 | Gauntlet | Found a transporter.
 14542 | Gauntlet | Found a transporter.
 14564 | Gauntlet | Found a transporter.
 14617 | Gauntlet | Found a transporter.
 14642 | Gauntlet | Found a transporter.
 14672 | Gauntlet | Found a transporter.
 15113 | Gauntlet | Lost mutation: You are robust. (+10% HP) [a neqoxec]
 15137 | Gauntlet | Got a pair of distressingly furry boots
 15149 | Gauntlet | Identified the +2 pair of boots of Articulation {rF++ MP+9
                  | Int-2 Dex+4} (You found it in a Gauntlet)
 15232 | Gauntlet | Noticed a minotaur
 15240 | Gauntlet | Killed a minotaur
 15949 | Lair:2   | Found a dark tunnel.
 16007 | Volcano  | Entered a volcano
 16054 | Volcano  | Reached XP level 13. HP: 117/117 MP: 14/14
 16057 | Volcano  | Reached skill level 11 in Bows
 16077 | Volcano  | Got a pair of smoking boots
 16261 | Lair:2   | Identified the +0 pair of boots of Nipymp {rF+ rC+ MR+
                  | Str-4} (You found it in a volcano)
 16308 | Lair:2   | Found a snail-covered altar of Cheibriados.
 16893 | Lair:2   | Found a runed translucent door.
 16894 | Lair:2   | Noticed Jabberih's ghost (journeyman CeHu)
 16975 | Lair:2   | Killed Jabberih's ghost
 17083 | Lair:3   | Received a gift from Trog
 17222 | Lair:3   | Reached skill level 12 in Bows
 17322 | Lair:3   | Found a staircase to the Swamp.
 17565 | Lair:3   | Found a runed translucent gate.
 17565 | Lair:3   | Found a runed translucent gate.
 17566 | Lair:3   | Found a runed translucent gate.
 17618 | Lair:3   | Noticed TheNamelessOne's ghost (journeyman OpWz)
 18028 | Lair:3   | Reached skill level 13 in Bows
 18240 | Lair:4   | Reached ***** piety under Trog
 18261 | Lair:4   | Found a frozen archway.
 18270 | Lair:4   | Reached skill level 14 in Bows
 18333 | IceCv    | Entered an ice cave
 19639 | IceCv    | Noticed a frost giant
 19662 | IceCv    | Reached skill level 15 in Bows
 19667 | IceCv    | Killed a frost giant
 19667 | IceCv    | Reached XP level 14. HP: 125/125 MP: 15/15
 19874 | Lair:4   | Found a staircase to the Snake Pit.
 20370 | Lair:4   | Reached skill level 16 in Bows
 20441 | Lair:4   | Received a gift from Trog
 21103 | Lair:5   | Found a viscous altar of Jiyva.
 21104 | Lair:5   | Found a staircase to the Slime Pits.
 21450 | Lair:5   | Received a gift from Trog
 21647 | Lair:5   | Reached skill level 17 in Bows
 21874 | Lair:6   | Entered Level 6 of the Lair of Beasts
 22241 | Lair:6   | Found a large runed translucent door.
 22349 | Lair:6   | Found a large runed translucent door.
 22389 | Lair:6   | Identified the Collected Works on Calling and Execration
 22916 | Lair:6   | Reached skill level 18 in Bows
 22942 | Lair:6   | Noticed Rupert
 22956 | Lair:6   | Killed Rupert
 23010 | Lair:6   | Received a gift from Trog
 23058 | Lair:6   | Got a warped longbow {god gift}
 23064 | Lair:6   | Identified the +6 longbow of Imix {velocity, rC++ Int-4
                  | Dex+3} (Trog gifted it to you on level 6 of the Lair of
                  | Beasts)
 23506 | Lair:6   | Noticed Urug
 23534 | Lair:6   | Reached XP level 15. HP: 131/132 MP: 16/16
 23998 | Lair:6   | Got a transparent glass ring
 24011 | Lair:6   | Got a pitted scimitar
 24018 | Lair:5   | Identified the +7 scimitar of Moral Flaws {protect, rC+}
                  | (You found it on level 6 of the Lair of Beasts)
 24027 | Lair:5   | Identified the ring "Custriw" {Wiz Str+6} (You found it on
                  | level 6 of the Lair of Beasts)
 24184 | Orc:1    | Entered Level 1 of the Orcish Mines
 24510 | Orc:2    | Entered Level 2 of the Orcish Mines
 25028 | D:13     | Reached skill level 19 in Bows
 25069 | D:13     | Found a gate to the Vaults.
 25202 | D:13     | Received a gift from Trog
 25352 | D:13     | Received a gift from Trog
 25593 | D:13     | Got a fine scale mail
 25594 | D:13     | Identified the +4 scale mail "Doepn" {rElec rCorr Int-5
                  | Stlth+} (You found it on level 13 of the Dungeon)
 26262 | D:14     | Reached skill level 20 in Bows
 26495 | D:14     | You fall into a shaft and drop 1 floor!
 26495 | D:15     | Entered Level 15 of the Dungeon
 26723 | D:15     | Found a staircase to the Depths.
 26745 | D:15     | Received a gift from Trog
 26800 | D:15     | Noticed a fire giant
 26805 | D:15     | Killed a fire giant
 27199 | D:15     | Reached skill level 21 in Bows
 27918 | D:14     | Received a gift from Trog
 27918 | D:14     | Reached XP level 16. HP: 132/139 MP: 17/17
 28236 | D:14     | Found a portal to a secret trove of treasure.
 28625 | Orc:2    | Received a gift from Trog
 28712 | Orc:2    | Found Assasuox's Book Emporium.
 28714 | Orc:2    | Found Jiqef's Armour Shoppe.
 28774 | Orc:2    | Received a gift from Trog
 28857 | Orc:2    | Found a staircase to the Elven Halls.
 28926 | Orc:2    | Found Wackiguj's Gadget Boutique.
 28937 | Orc:2    | Found Yfrumm's Assorted Antiques.
 28953 | Orc:2    | Bought a wand of digging (6) for 200 gold pieces
 29012 | Orc:2    | Bought a scroll of teleportation for 105 gold pieces
 29059 | Orc:2    | Noticed marak's ghost (journeyman GnVM)
 29081 | Orc:2    | Received a gift from Trog
 29095 | Orc:2    | Found a runed translucent gate.
 29095 | Orc:2    | Found a runed translucent gate.
 29095 | Orc:2    | Found a runed translucent gate.
 29150 | Orc:2    | Noticed Erolcha
 29155 | Orc:2    | Killed Erolcha
 29155 | Orc:2    | Reached skill level 22 in Bows
 29370 | Orc:2    | Got a transparent hat
 29381 | Orc:2    | Identified the -2 hat of Nyawuoq {rN+ MR+ Int+4} (You found
                  | it on level 2 of the Orcish Mines)
 29521 | Orc:2    | Bought a scarf of cloud immunity for 105 gold pieces
 29537 | Orc:2    | Bought a dented peridot amulet for 175 gold pieces
 29619 | Orc:2    | Killed marak's ghost
 29854 | Orc:1    | Received a gift from Trog
 30505 | Swamp:1  | Entered Level 1 of the Swamp
 30538 | Swamp:1  | Received a gift from Trog
 31675 | Swamp:3  | Reached skill level 1 in Evocations
 31854 | Swamp:3  | Paralysed by a hornet for 2 turns
 31858 | Swamp:4  | Entered Level 4 of the Swamp
 32054 | Swamp:3  | Noticed a thorn hunter
 32070 | Swamp:3  | Killed a thorn hunter
 32073 | Swamp:3  | Received a gift from Trog
 33507 | Swamp:4  | Reached XP level 17. HP: 101/148 MP: 18/18
 33790 | Swamp:4  | Received a gift from Trog
 33793 | Swamp:4  | Identified the +6 longbow "Nesu Edu" {freeze, rC- Int+4
                  | Dex+3} (Trog gifted it to you on level 4 of the Swamp)
 34120 | Swamp:4  | Got a decaying rune of Zot
 35033 | Swamp:1  | Noticed a tentacled monstrosity
 35044 | Swamp:1  | Killed a tentacled monstrosity
 35044 | Swamp:1  | Reached skill level 5 in Evocations
 35130 | Swamp:1  | Received a gift from Trog
 35464 | Snake:1  | Entered Level 1 of the Snake Pit
 35927 | Snake:1  | Reached ****** piety under Trog
 35984 | Snake:1  | Received a gift from Trog
 36753 | Snake:4  | Entered Level 4 of the Snake Pit
 36922 | Snake:4  | Reached XP level 18. HP: 160/160 MP: 21/21
 37237 | Snake:4  | Received a gift from Trog
 38224 | Snake:4  | Received a gift from Trog
 38237 | Snake:4  | HP: 4/161 [naga sharpshooter/bolt (5)]
 38237 | Snake:4  | Slain by a naga warrior

Levels and vault maps discovered:
D:1:      minmay_arrival_plants_in_alcoves, layout_basic
D:2:      layout_basic, nicolae_qazlal_general_emergency, uniq_terence
D:3:      layout_basic, gammafunk_temple_overflow_elements,
          trog_three_pillars_becter
D:4:      layout_basic, led_sif_book, enter_ossuary_2, minmay_crystal_room,
          nicolae_zen_rock_garden, uniq_blork_the_orc
D:5:      layout_basic, kennysheep_little_box, minmay_temple_entry_nine_rooms,
          first_ration, uniq_ijyb
D:6:      layout_basic, nicolae_gozag_seed_capital, uniq_duvessa, uniq_sigmund
D:7:      layout_loops_ring, nicolae_overflow_crystal_walls,
          nicolae_overflow_hidden_temple
D:8:      layout_basic, hangedman_pestilent_swarm, uniq_joseph, uniq_gastronok
D:9:      layout_loops_corners, kennysheep_mini_moat, fiery_altar_vehumet,
          st_stairs_12, minivault_16, chei_slow_surprise
D:10:     layout_roguey, lair_entry_dummy, minmay_holes
D:11:     layout_cave_pools, minmay_orc_entry_temple_large, serial_column_ruins,
          column_ruins_hut, column_ruins_open_tiny, column_ruins_open_small,
          column_ruins_open_large, column_ruins_open_small,
          column_ruins_corridor_straight, column_ruins_columns_corner
D:12:     layout_cross, serial_shops, kennysheep_mini, shop, shop,
          guppyfry_shop_venom
D:13:     layout_loops_ring, david_vaults_5, minmay_another_anthill
D:14:     layout_cave_pods, enter_trove_1, minmay_misc_feat_roman,
          minmay_more_statues
D:15:     grunt_enter_depths_magical_seal, layout_basic, dk_noncrumbling_3
Lair:1:   layout_loops_ring, gauntlet_entry_generic, grunt_megastairs_1
Lair:2:   layout_regular_city, ebering_ghost_inner_flame,
          nicolae_volcano_entry_lava_flow, st_stairs_11,
          small_statue_intersection, lemuel_oklob_altar
Lair:3:   layout_gridlike, minmay_swamp_entry_reptiles, gammafunk_ghost_split
Lair:4:   layout_cave_pods, minmay_snake_entry_guardpost_small,
          portal_ice_cave_entry_imps, hangedman_lair_generics_rect
Lair:5:   lemuel_reptile_caves, layout_gridlike, slime_altar_1
Lair:6:   cheibrodos_lair_end_hotspot, layout_regular_city, serial_bayou_ford_a,
          ice2_lemuel, uniq_urug, uniq_rupert
Swamp:1:  layout_falls_marsh, evilmike_swamp_ruin_house_2
Swamp:2:  layout_falls_marsh, hangedman_swamp_ruin_wall, swamp_pool2
Swamp:3:  cheibrodos_swamp_tower_of_moss, layout_basic_swamp,
          nicolae_swamp_fairy_circle
Swamp:4:  swamp, layout_basic_swamp
Snake:1:  layout_onion_interference, guppyfry_snake_island
Snake:2:  layout_layer_cave
Snake:3:  layout_misc_corridors, serial_bayou_shore_b
Snake:4:  snake_pit_salamanders_mu, layout_layer_cave
Orc:1:    cheibrodos_orc_bank, layout_caves
Orc:2:    st_orc_open, layout_caves, maelrawn_ghost_gauntlet_escape,
          hangedman_minor_magic, uniq_erolcha

Skill      XL: |  1  2  3  4  5  6  7  8  9 10 11 12 13 14 15 16 17 18 |
---------------+-------------------------------------------------------+-----
Armour         | 1 2 3 4 6 7 9 10 11 12 14 | 14.7
Fighting       | 1 2 3 4 6 7 9 10 11 12 14 | 14.7
Polearms       | 1 2 3 5 6 8 10 11 | 11.4
Dodging        | 3 4 5 6 7 8 10 11 13 | 13.8
Bows           | 4 8 10 15 18 21 22 | 22.9
Evocations     | 2 6 7 |  7.3
Stealth        | |  1.5
Spellcasting   | |  1.3
Conjurations   | |  0.6
Air Magic      | |  2.1

Action                   |  1- 3 |  4- 6 |  7- 9 | 10-12 | 13-15 | 16-18 || total
-------------------------+-------+-------+-------+-------+-------+-------++-------
Melee: Dagger            |    67 |       |       |       |       |       ||    67
       Unarmed           |     8 |       |       |       |       |       ||     8
       Headbutt          |    21 |    25 |    33 |    40 |    14 |     7 ||   140
       Spear             |   102 |   166 |   171 |       |       |       ||   439
       Kick              |       |     1 |       |       |       |       ||     1
       Glaive            |       |       |   146 |   293 |     9 |       ||   448
       Trident           |       |       |       |       |    43 |    20 ||    63
 Fire: Longbow           |       |       |       |   506 |  1310 |  1308 ||  3124
Throw: Javelin           |       |       |       |     8 |       |       ||     8
       Dart              |       |       |       |     1 |       |       ||     1
Invok: Berserk           |       |     5 |     7 |    17 |     6 |     1 ||    36
       Trog's Hand       |       |       |       |    19 |    10 |    11 ||    40
       Brothers in Arms  |       |       |       |     1 |     1 |       ||     2
Evoke: Wand              |       |       |     7 |    11 |    10 |     3 ||    31
       Phial of floods   |       |       |       |       |     1 |       ||     1
       Lamp of fire      |       |       |       |       |       |     1 ||     1
  Use: Scroll            |     7 |     4 |     6 |    13 |    20 |    13 ||    63
       Potion            |     2 |     4 |     3 |     8 |     7 |    13 ||    37
 Stab: Sleeping          |       |       |     4 |     3 |       |       ||     7
       Invisible         |       |       |       |     2 |       |       ||     2
       Paralysed         |       |       |       |     3 |       |       ||     3
  Eat: Chunk             |     4 |     3 |    10 |    20 |    22 |    11 ||    70
       Ration            |       |     2 |     3 |    10 |     7 |     7 ||    29
Armor: Scale mail        |    53 |    32 |    21 |       |       |       ||   106
       Robe              |       |       |    23 |   107 |       |       ||   130
       Skin              |       |       |     3 |       |       |       ||     3
       Ring mail         |       |       |       |    31 |   167 |   107 ||   305
Dodge: Dodged            |    71 |    61 |   159 |   640 |   709 |   434 ||  2074
